 Dungeon Crawl Stone Soup version 0.20.1-1-g8b1a95d (webtiles) character file.

337 BilboMcMuggins the Skirmisher (level 6, -8/49 HPs)
             Began as a Mummy Chaos Knight on Aug 29, 2017.
             Killed from afar by Dowan (21 damage)
             ... with a stone arrow
             ... on level 7 of the Dungeon.
             The game lasted 00:14:29 (2113 turns).

BilboMcMuggins the Skirmisher (Mummy Chaos Knight)  Turns: 2113, Time: 00:14:29

Health: -8/49      AC:  7    Str: 16 (17) XL:     6   Next: 28%
Magic:  6/6        EV: 12    Int: 11      God:    Xom [...*..]
Gold:   93         SH:  0    Dex: 12      Spells: 5/5 levels left

rFire    x . .     SeeInvis .   a - +1 falchion (chaos)
rCold    + . .     Gourm    .   (no shield)
rNeg     + + +     Faith    .   b - +3 leather armour
rPois    ∞         Spirit   .   (no helmet)
rElec    .         Reflect  .   (no cloak)
rCorr    .         Harm     +   i - +0 pair of gloves {iii}
MR       +....                  (no boots)
Stlth    +.........             k - amulet of harm
Regen    0.2/turn               (no ring)
MPRegen  0.1/turn               g - ring of protection from magic

@: contaminated, glowing
A: no food or potions, fire vulnerability, cold resistance 1, negative energy
resistance 3, torment resistance, unbreathing
a: Renounce Religion


You were on level 7 of the Dungeon.
You worshipped Xom.
You were a favourite toy of Xom.
You were not hungry.

You visited 1 branch of the dungeon, and saw 6 of its levels.

You collected 93 gold pieces.

Inventory:

Hand Weapons
 a - a +1 falchion of chaos (weapon)
 d - a +0 dagger
Missiles
 e - 65 stones (quivered)
 f - 7 tomahawks
 h - 8 curare-tipped needles
 p - 15 arrows
Armour
 b - a +3 leather armour (worn)
 i - a +0 pair of gloves (worn) {iii}
Jewellery
 c - an uncursed ring of ice
 g - a ring of protection from magic (right hand)
 k - an amulet of harm (around neck)
Wands
 l - a wand of random effects (13/48)
 o - a wand of flame (28/48)
Scrolls
 j - 3 scrolls of remove curse
 m - 2 scrolls of identify


   Skills:
 * Level 4.5 Fighting
 + Level 4.1 Long Blades
 + Level 2.6 Armour
 + Level 1.6 Dodging
 + Level 1.1 Stealth


You had 5 spell levels left.
You didn't know any spells.

Dungeon Overview and Level Annotations

Branches:
Dungeon (7/15)
 Temple: D:4-7

Altars:
Elyvilon

Shops:
D:4 }

Annotations:
D:7 Dowan


Innate Abilities, Weirdness & Mutations

You do not eat or drink.
Your flesh is vulnerable to fire.
You are immune to poison.
Your flesh is cold resistant. (rC+)
You are immune to negative energy. (rN+++)
You are immune to unholy pain and torment.
You can survive without breathing.


Message History

The leopard gecko bites you.
* * * LOW HITPOINT WARNING * * *
Your body shudders with the violent release of wild energies!
The magical storm engulfs you!
The magical storm engulfs the leopard gecko.
The leopard gecko is splashed with acid.
The acid corrodes the leopard gecko!
The leopard gecko dies!
Your body decomposes!
You feel weakened.
Dowan seems to find hidden reserves of power!
Dowan breathes, "And she was my only..."
Blink to where?
Press: ? - help, Dir - move target cursor
As you read the scroll of blinking, it crumbles to dust.
Found 12 stones.
Dowan gestures at you while chanting. The stone arrow hits you!
You die...
Xom is highly amused!

.. #.# ##(.# ###
........#
#.....#.#
........#
...#.⌠.⌠.#.####.#
#..........@....#
..#.....#.######
#...._....#
#.#....e#.#
#.........#
#.#.⌠.⌠.#.#
#.........#
#.#.....#.#
#.........#


You could see Dowan.

Vanquished Creatures
  Duvessa (D:7)
  A bullfrog (D:3)
  A crimson imp (D:6)
  Jessica (D:3)
  2 adders
  An ooze (D:3)
  A worm (D:2)
  4 dart slugs
  4 leopard geckos
  6 orcs (D:3)
  3 goblins
  3 hobgoblins
  6 kobolds
  2 quokkas
  A ball python (D:1)
  5 bats
  6 rats
48 creatures vanquished.

Vanquished Creatures (collateral kills)
  A wyvern skeleton (D:6)
  A leopard gecko (D:3)
2 creatures vanquished.

Vanquished Creatures (others)
  A leopard gecko (D:7)
1 creature vanquished.

Grand Total: 51 creatures vanquished

Notes
Turn   | Place    | Note
-------+----------+-------------------------------------------
     0 | D:1      | BilboMcMuggins the Mummy Chaos Knight began the quest for the Orb.
     0 | D:1      | Reached XP level 1. HP: 18/18 MP: 1/1
   348 | D:1      | XOM: divination: detect items
   381 | D:1      | Reached skill level 1 in Dodging
   428 | D:1      | Reached XP level 2. HP: 24/24 MP: 2/2
   659 | D:2      | XOM: divination: magic mapping
   662 | D:2      | XOM: polymorph bat -> dart slug
   780 | D:2      | Reached XP level 3. HP: 27/29 MP: 3/3
  1164 | D:3      | Noticed Jessica
  1167 | D:3      | Killed Jessica
  1167 | D:3      | Reached XP level 4. HP: 36/36 MP: 4/4
  1434 | D:3      | XOM: harmless Chrm miscast
  1464 | D:3      | Noticed a bullfrog
  1467 | D:3      | XOM: summons friendly shadow imp
  1481 | D:3      | Killed a bullfrog
  1481 | D:3      | Reached XP level 5. HP: 37/42 MP: 5/5
  1606 | D:3      | XOM: scenery: 1 doors open
  1669 | D:3      | XOM: fog
  1686 | D:3      | Reached skill level 1 in Stealth
  1706 | D:4      | Found Temaull's Gadget Shoppe.
  1706 | D:4      | You fall through a shaft for 2 floors!
  1732 | D:6      | XOM: summons 2 friendly demons
  2082 | D:7      | Found a white marble altar of Elyvilon.
  2085 | D:7      | Noticed Duvessa
  2087 | D:7      | Noticed Dowan
  2100 | D:7      | XOM: medium Tmut miscast
  2101 | D:7      | Killed Duvessa
  2101 | D:7      | Reached XP level 6. HP: 14/49 MP: 6/6
  2113 | D:7      | Killed from afar by Dowan

Skill      XL: |  1  2  3  4  5 |
---------------+----------------+-----
Dodging        | 1 |  1.6
Armour         | 2 |  2.6
Long Blades    | 3 4 |  4.1
Fighting       | 4 |  4.5
Stealth        | 1 |  1.1

Action                   |  1- 3 |  4- 6 || total
-------------------------+-------+-------++-------
Melee: Falchion          |    83 |    58 ||   141
Throw: Stone             |     1 |       ||     1
  Use: Scroll            |     4 |     4 ||     8
 Stab: Paralysed         |     3 |     2 ||     5
Armor: Leather armour    |    37 |    18 ||    55
Dodge: Dodged            |    73 |    37 ||   110
       Rpst.: Falchion   |    19 |     8 ||    27
